 Dungeon Sprint DCSS version 0.26-a0-1058-g8dc6ce00ff (webtiles) character file.

Game seed: 10802798635627212975

62140 Adamkad1 the Impassioned (level 14, -3/156 HPs)
             Began as a Palentonga Fighter on Dec 13, 2020.
             Was a High Priest of Uskayaw.
             Killed from afar by a crystal guardian (28 damage)
             ... with a crystal bolt
             ... in the Dungeon (Sprint V: "Ziggurat Sprint").
             The game lasted 00:26:58 (3198 turns).

Adamkad1 the Impassioned (Palentonga Fighter)       Turns: 3198, Time: 00:26:59

Health: -3/156     AC: 49    Str: 24    XL:     14   Next: 63%
Magic:  0/27       EV:  1    Int:  8    God:    Uskayaw [*****.]
Gold:   0          SH: 40    Dex: 10    Spells: 13/13 levels left

rFire    + + .     SeeInvis +   b - +9 hand axe "Catuirch" {vorpal, rC+ Will+ Str+3}
rCold    . . .     Faith    .   G - +18 shield of the Gong {rElec rN+ Will+ EV-5}
rNeg     + + +     Spirit   +   F - +15 Maxwell's patent armour {-Cast -Tele rElec Will+ rCorr}
rPois    +         Reflect  .   P - +2 helmet {SInv}
rElec    +         Harm     .   Q - +2 cloak {Stlth+}
rCorr    +         Rampage  .   J - +3 pair of gauntlets of War {Slay+5}
Will     ++++.     NoTele   +   (no barding) Stlth ..........NoCast +
                                n - brooch of Shielding {Spirit SH+8}
HPRegen  0.00/turn              z - ring "Fauwirgh" {rPois rF+ rCorr}
MPRegen  0.20/turn              T - ring "Dogrygot" {Fire rN++ Str-2 SInv}

@: studying 2 skills, curled up
A: large, rugged brown scales 3, see invisible, deformed body, dopey 1,
inhibited regeneration, roll 1, armoured tail, reflexive curl
a: Rolling Charge, Stomp, Line Pass, Grand Finale, Renounce Religion


You were in the Dungeon.
You worshipped Uskayaw.
Uskayaw was most pleased with you.
You visited 1 branch

Inventory:

Hand Weapons
 b - the +9 hand axe "Catuirch" (weapon) {vorpal, rC+ Will+ Str+3}
   (You took it off an orc priest in the Dungeon)

   It inflicts extra damage upon your enemies.
   It affects your strength (+3).
   It protects you from cold.
   It affects your willpower, your defense against some magical effects.
 E - the +14 obsidian axe {vorpal, +Fly SInv *Curse}
   (You found it in the Dungeon)

   It inflicts extra damage upon your enemies.
   It lets you see invisible.
   It lets you fly.
   It curses itself when equipped.
 W - the +3 war axe of Zeoxzuuq {vorpal, rN+++ MP-9 Int+4}
   (You took it off a deep elf knight in the Dungeon)

   It inflicts extra damage upon your enemies.
   It affects your intelligence (+4).
   It renders you almost immune to negative energy.
   It affects your magic capacity (-9).
Armour
 F - the +15 Maxwell's patent armour (worn) {-Cast -Tele rElec Will+ rCorr}
   (You found it in the Dungeon)

   It insulates you from electricity.
   It affects your willpower, your defense against some magical effects.
   It prevents spellcasting.
   It prevents most forms of teleportation.
   It provides partial protection from all sources of acid and corrosion.
 G - the +18 shield of the Gong (worn) {rElec rN+ Will+ EV-5}
   (You found it in the Dungeon)

   It affects your evasion (-5).
   It insulates you from electricity.
   It protects you from negative energy.
   It affects your willpower, your defense against some magical effects.
 J - the +3 pair of gauntlets of War (worn) {Slay+5}
   (You found it in the Dungeon)

   It affects your accuracy and damage with ranged weapons and melee attacks
   (+5).
 P - a +2 helmet of see invisible (worn)
 Q - a +2 cloak of stealth (worn)
Jewellery
 n - the brooch of Shielding (around neck) {Spirit SH+8}
   (You found it in the Dungeon)

   [amulet of guardian spirit]

   It causes incoming damage to be split between your health and magic.
   It affects your SH (+8).
 z - the ring "Fauwirgh" (left hand) {rPois rF+ rCorr}
   (You found it in the Dungeon)

   [ring of resist corrosion]

   It protects you from fire.
   It protects you from poison.
   It provides partial protection from all sources of acid and corrosion.
 D - an uncursed ring of protection from cold
 H - an uncursed ring of protection from cold
 L - the ring "Koci" {MP+9 Dex+6}
   (You found it in the Dungeon)

   [ring of magical power]

   It affects your dexterity (+6).
   It affects your magic capacity (+9).
 N - the ring of the Mage {Wiz Will++ Int+3}
   (You found it in the Dungeon)

   [ring of wizardry]

   It improves your spell success rate.
   It affects your intelligence (+3).
   It affects your willpower, your defense against some magical effects.
 O - an uncursed ring of ice
 R - the ring of the Witching Queen {EV+4 Str+3}
   (You found it in the Dungeon)

   [ring of evasion]

   It affects your evasion (+4).
   It affects your strength (+3).
 S - an uncursed ring of magical power
 T - the ring "Dogrygot" (right hand) {Fire rN++ Str-2 SInv}
   (You found it in the Dungeon)

   [ring of fire]

   It enhances your fire magic.
   It affects your strength (-2).
   It protects you from fire.
   It makes you vulnerable to cold.
   It greatly protects you from negative energy.
   It lets you see invisible.
 U - an uncursed amulet of the acrobat
Wands
 u - a wand of disintegration (7)
 v - a wand of iceblast (7)
 w - a wand of acid (7)
Scrolls
 j - 4 scrolls of blinking
 o - 4 scrolls of amnesia
 p - 7 scrolls of fog
 q - 2 scrolls of holy word
 r - 5 scrolls of identify
 s - 4 scrolls of remove curse
 t - 2 scrolls of fear
 x - a scroll of brand weapon
 A - 4 scrolls of enchant armour
 K - 4 scrolls of enchant weapon
Potions
 d - 6 potions of might
 e - 10 potions of curing
 f - 3 potions of heal wounds
 g - 6 potions of haste
 h - 5 potions of magic
 i - a potion of berserk rage
 k - 2 potions of brilliance
 l - 2 potions of invisibility
 m - a potion of resistance
Books
 C - a manual of Shields
 Y - a manual of Unarmed Combat
Miscellaneous
 a - a lightning rod (4/4)
 c - a condenser vane
 I - a phantom mirror
 M - a tin of tremorstones (2/2)


   Skills:
 * Level 19.1 Fighting
 + Level 17.9 Axes
 * Level 16.6 Armour
 + Level 15.7 Shields
 * Level 19.7 Invocations


You had 13 spell levels left.
You didn't know any spells.
Your spell library contained the following spells:

 Spells                   Type           Power        Failure   Level
 Shock                    Conj/Air       #...         97%         1
 Summon Small Mammal      Summ           #...         97%         1
 Call Imp                 Summ           #.......     99%         2
 Swiftness                Air            #.......     99%         2
 Call Canine Familiar     Summ           #.......     100%        3
 Static Discharge         Conj/Air       #.......     100%        3
 Summon Guardian Golem    Hex/Summ       #.......     100%        3
 Airstrike                Air            #.........   100%        4
 Summon Ice Beast         Ice/Summ       #.......     100%        4
 Summon Lightning Spire   Summ/Air       #.......     100%        4
 Lightning Bolt           Conj/Air       #.........   100%        5
 Chain Lightning          Conj/Air       #.........   100%        8
 Lehudib's Crystal Spear  Conj/Erth      #.........   100%        8
 Absolute Zero            Ice            #.........   100%        9
 Fire Storm               Conj/Fire      #.........   100%        9


Dungeon Overview and Level Annotations

Branches:
Dungeon (1/1)

Altars:
Ashenzari
Cheibriados
Dithmenos
Elyvilon
Fedhas
Gozag
Hepliaklqana
Kikubaaqudgha
Makhleb
Nemelex Xobeh
Okawaru
Qazlal
Ru
Sif Muna
Trog
Uskayaw
Vehumet
Wu Jian
Xom
Yredelemnul
Zin
The Shining One
Beogh
Jiyva
Lugonu

Annotations:
D 1 transporter


Innate Abilities, Weirdness & Mutations

You are completely covered in rugged brown scales. (AC +3, +7% HP)
You have supernaturally acute eyesight. (SInv)
Armour fits poorly on your strangely shaped body.
You can roll at nearby foes to attack.
You have a long armoured tail.
You curl defensively after being hit.
You are dopey. (Int -2)
You do not regenerate when monsters are visible.


Message History

The iron golem is heavily damaged.
You hit the iron dragon. You slash the stone giant!
You hit the crystal guardian but do no damage.
You block the crystal guardian's attack.
PANG!
You block the iron dragon's attack.
PTOANNNG!
The iron dragon claws you but does no damage.
The iron dragon tramples you but does no damage.
You slash the iron golem!
The iron golem is severely damaged.
You hit the iron dragon but do no damage.
You hit the stone giant. You slash the crystal guardian!
The stone giant is no longer sharing its pain.
The quicksilver dragon is no longer sharing its pain. x2
The stone giant hits you!
* * * LOW HITPOINT WARNING * * *
The crystal guardian fires a crystalline bolt at you.
The crystal bolt freezes you!!
You die...

_8_8_8_8▓
...▓.......▓...▓......©
▓▓▓▓▓▓▓▓▓
...............▓▓▓▓▓▓▓▓
.......©.......▓.....8©
▓▓▓▓▓▓▓▓▓▓▓▓▓▓▓▓▓...:=)[
▓......8©8......▓..}|=)}
▓..)[:}[=[)})[..▓......†
▓..[[[[D:)=}|)..▓....†.†
▓......CDE......▓......†
▓......@8D†(....▓.......
▓.......8D......▓.......
▓.......DE......▓.......
▓........E......▓.......
▓...............▓.......
▓...............▓.......
▓...............▓......©
▓...............▓▓▓▓▓▓▓▓
...............▓.....8©


You could see an iron golem, 3 iron dragons, 2 quicksilver dragons, a stone
giant, a crystal guardian and 3 earth elementals.

Vanquished Creatures
  A pandemonium lord (D)
  An Orb Guardian (D)
  4 quicksilver dragons (D)
  A deep elf master archer (D)
  2 frost giants (D)
  2 iron dragons (D)
  4 reapers (D)
  A green draconian (D)
  7 black draconians (D)
  2 white draconians (D)
  A red draconian (D)
  4 crystal guardians (D)
  A boulder beetle (shapeshifter) (D)
  A naga warrior (D)
  2 ice dragons (D)
  2 hell hogs (D)
  2 deep elf knights (D)
  2 iron golems (D)
  2 skeletal warriors (D)
  A flayed ghost (D)
  A swamp dragon (shapeshifter) (D)
  2 deep elf archers (D)
  A lindwurm (shapeshifter) (D)
  A mana viper (shapeshifter) (D)
  3 shining eyes (D)
  2 deep elf magi (D)
  2 moths of wrath (shapeshifter) (D)
  A guardian serpent (shapeshifter) (D)
  An elephant (shapeshifter) (D)
  4 guardian serpents (D)
  A gargoyle (D)
  2 hellions (D)
  An efreet (D)
  2 rime drakes (D)
  3 tormentors (D)
  A freezing wraith (D)
  4 ice devils (D)
  3 red devils (D)
  2 queen bees (shapeshifter) (D)
  7 wind drakes (D)
  3 polar bears (D)
  2 merfolk (D)
  A redback (shapeshifter) (D)
  A basilisk (shapeshifter) (D)
  A spriggan (shapeshifter) (D)
  3 wraiths (D)
  Sigmund (D)
  2 shadows (D)
  A yak (D)
  A fire bat (D)
  3 neqoxecs (D)
  A steam dragon (D)
  A naga (D)
  2 hell hounds (D)
  Duvessa (D)
  2 water moccasins (D)
  A swamp drake (D)
  2 ice beasts (D)
  2 necrophages (D)
  Blork the orc (D)
  3 earth elementals (D)
  Dowan (D)
  3 wights (D)
  A crimson imp (D)
  2 quasits (D)
  Crazy Yiuf (D)
  2 orc priests (D)
  An iron imp (D)
  Jessica (D)
  An iguana (D)
  An orc wizard (D)
  An adder (D)
  A river rat (D)
  2 shadow imps (D)
  5 white imps (D)
  3 ufetubi (D)
  3 adder zombies (D)
  8 adder skeletons (D)
  2 adder simulacra (D)
  3 orcs (D)
  4 bat skeletons (D)
  8 bat zombies (D)
  2 ball pythons (D)
  A ball python skeleton (D)
  4 giant cockroach zombies (D)
  2 jackal skeletons (D)
  A jackal zombie (D)
  2 leopard gecko skeletons (D)
  A leopard gecko zombie (D)
  3 quokka skeletons (D)
192 creatures vanquished.

Vanquished Creatures (collateral kills)
  A rime drake (D)
  A yak (D)
  A steam dragon (D)
  An orc priest (D)
4 creatures vanquished.

Vanquished Creatures (others)
  2 wraiths (D)
  2 wights (D)
  An adder zombie (D)
  2 bat zombies (D)
7 creatures vanquished.

Grand Total: 203 creatures vanquished

Notes
Turn   | Place    | Note
-------+----------+-------------------------------------------
     0 | D        | Adamkad1 the Palentonga Fighter began the quest for the
                  | Orb.
     0 | D        | Reached XP level 1. HP: 20/20 MP: 1/1
     0 | D        | Found a shimmering blue altar of Sif Muna.
     0 | D        | Found a bloodstained altar of Trog.
     0 | D        | Found a sacrificial altar of Ru.
     0 | D        | Found a stormy altar of Qazlal.
     0 | D        | Found an iron altar of Okawaru.
     1 | D        | Found a sparkling altar of Nemelex Xobeh.
     1 | D        | Found a blossoming altar of Fedhas.
     2 | D        | Found the +6 Majin-Bo {vamp, MP+6 Int+6}
     2 | D        | Found the +9 heavy crossbow "Sniper" {vorpal, Acc+∞ SInv}
     2 | D        | Found the +10 dark maul {vorpal}
     2 | D        | Found the +15 Maxwell's patent armour {-Cast -Tele rElec
                  | Will+ rCorr}
     2 | D        | Found the +18 shield of the Gong {rElec rN+ Will+ EV-5}
     2 | D        | Found the cursed +14 obsidian axe {vorpal, +Fly SInv
                  | *Curse}
     2 | D        | Found the +7 great mace "Firestarter" {inner flame, rF++}
     2 | D        | Found the +6 shillelagh "Devastator" {shatter}
     2 | D        | Found the +11 plutonium sword {*Contam Stlth-}
     2 | D        | Found the +8 lance "Wyrmbane" {slay drac, rPois rF+ rC+
                  | AC+3}
     2 | D        | Found the +9 sword of Zonguldrok {reap}
     2 | D        | Found the cursed +13 scythe of Curses {drain, *Curse}
     2 | D        | Found the +0 sword of Power
     2 | D        | Found the +7 mace of Variability {chain chaos}
     2 | D        | Found the +7 Singing Sword {vorpal, sonic wave}
     2 | D        | Found the +8 storm bow {elec, penet}
     4 | D        | Found an ancient bone altar of Kikubaaqudgha.
     4 | D        | Found a transporter.
     4 | D        | Found a corrupted altar of Lugonu.
     4 | D        | Found a viscous altar of Jiyva.
     4 | D        | Found a burning altar of Makhleb.
     4 | D        | Found a hazy altar of Hepliaklqana.
     4 | D        | Found an opulent altar of Gozag.
    67 | D        | Became a worshipper of Uskayaw the Reveller
    79 | D        | Reached XP level 2. HP: 27/27 MP: 2/2
    85 | D        | Entered arena 2.
    85 | D        | Found a transporter.
    86 | D        | Reached * piety under Uskayaw
    87 | D        | Reached XP level 3. HP: 33/33 MP: 3/3
    93 | D        | Entered arena 3.
    93 | D        | Found a transporter.
    95 | D        | Reached ** piety under Uskayaw
    99 | D        | Entered arena 4.
    99 | D        | Found a transporter.
   100 | D        | Identified the +9 hand axe "Catuirch" {vorpal, rC+ Will+
                  | Str+3}
   100 | D        | Reached *** piety under Uskayaw
   101 | D        | Reached XP level 4. HP: 27/43 MP: 4/4
   101 | D        | Reached **** piety under Uskayaw
   102 | D        | Reached skill level 5 in Axes
   102 | D        | Reached XP level 5. HP: 32/50 MP: 5/5
   222 | D        | Entered arena 5.
   222 | D        | Noticed a yak
   222 | D        | Noticed a yak
   222 | D        | Found a transporter.
   223 | D        | Found the brooch of Shielding {Spirit SH+8}
   225 | D        | Killed a yak
   225 | D        | Killed a yak
   226 | D        | Reached skill level 5 in Armour
   226 | D        | Reached XP level 6. HP: 60/60 MP: 6/6
   246 | D        | Entered arena 6.
   246 | D        | Noticed a steam dragon
   246 | D        | Noticed a swamp drake
   246 | D        | Noticed a rime drake
   246 | D        | Noticed a rime drake
   246 | D        | Noticed a steam dragon
   246 | D        | Found a transporter.
   249 | D        | Killed a swamp drake
   250 | D        | Reached skill level 1 in Invocations
   250 | D        | Killed a steam dragon
   251 | D        | Gained mutation: You curl defensively after being hit.
                  | [Palentonga growth]
   251 | D        | Reached XP level 7. HP: 53/68 MP: 5/8
   252 | D        | Killed a rime drake
   252 | D        | Killed a steam dragon
   253 | D        | Killed a rime drake
   254 | D        | Reached skill level 10 in Axes
   254 | D        | Reached XP level 8. HP: 61/79 MP: 1/11
   353 | D        | Entered arena 7.
   353 | D        | Noticed Sigmund
   353 | D        | Noticed Jessica
   353 | D        | Noticed Blork the orc
   353 | D        | Noticed Crazy Yiuf
   353 | D        | Noticed Dowan
   353 | D        | Noticed Duvessa
   354 | D        | Found the +3 sling "Punk" {acid, rCorr}
   354 | D        | Found a transporter.
   355 | D        | Killed Crazy Yiuf
   356 | D        | Reached skill level 5 in Invocations
   357 | D        | Killed Dowan
   358 | D        | Killed Jessica
   361 | D        | Killed Blork the orc
   366 | D        | Killed Duvessa
   367 | D        | Reached ***** piety under Uskayaw
   368 | D        | Killed Sigmund
   390 | D        | Entered arena 8.
   390 | D        | Noticed a red devil
   390 | D        | Noticed Jaal the pandemonium lord
   393 | D        | Found a transporter.
   403 | D        | Killed a red devil
   407 | D        | Noticed an ice devil
   408 | D        | Noticed a rust devil
   412 | D        | Killed Jaal the pandemonium lord
   413 | D        | Reached skill level 10 in Fighting
   413 | D        | Reached XP level 9. HP: 72/92 MP: 10/16
   413 | D        | Reached XP level 10. HP: 78/100 MP: 10/17
   440 | D        | Got the ring "Koci" {MP+9 Dex+6}
   545 | D        | Entered arena 9.
   546 | D        | Found the ring of the Mage {Wiz Will++ Int+3}
   546 | D        | Found a transporter.
   630 | D        | Entered arena 10.
   631 | D        | Found a transporter.
   819 | D        | Entered arena 11.
   820 | D        | Found a transporter.
   831 | D        | Reached skill level 10 in Invocations
   831 | D        | Reached ****** piety under Uskayaw
   836 | D        | Reached XP level 11. HP: 24/109 MP: 5/18
  1144 | D        | Got the ring of the Witching Queen {EV+4 Str+3}
  1177 | D        | Entered arena 12.
  1177 | D        | Noticed a deep elf archer
  1177 | D        | Noticed a deep elf archer
  1177 | D        | Noticed a deep elf knight
  1178 | D        | Noticed a deep elf master archer
  1178 | D        | Identified the +3 war axe of Zeoxzuuq {vorpal, rN+++ MP-9
                  | Int+4}
  1178 | D        | Noticed a deep elf knight
  1178 | D        | Noticed a deep elf mage
  1178 | D        | Noticed a deep elf mage
  1179 | D        | Found a transporter.
  1186 | D        | Reached skill level 10 in Armour
  1186 | D        | Killed a deep elf knight
  1186 | D        | Killed a deep elf mage
  1186 | D        | Killed a deep elf master archer
  1190 | D        | Killed a deep elf knight
  1196 | D        | Killed a deep elf mage
  1197 | D        | Killed a deep elf archer
  1198 | D        | Reached skill level 15 in Axes
  1201 | D        | Killed a deep elf archer
  1347 | D        | Got the ring "Dogrygot" {Fire rN++ Str-2 SInv}
  1376 | D        | Entered arena 13.
  1377 | D        | Noticed a naga warrior
  1383 | D        | Found a transporter.
  1389 | D        | Killed a naga warrior
  1573 | D        | Entered arena 14.
  1574 | D        | Noticed a white draconian
  1574 | D        | Noticed a white draconian
  1574 | D        | Noticed a black draconian
  1574 | D        | Noticed a black draconian
  1574 | D        | Noticed a green draconian
  1574 | D        | Noticed a black draconian
  1574 | D        | Noticed a red draconian
  1575 | D        | Noticed a black draconian
  1575 | D        | Noticed a black draconian
  1575 | D        | Noticed a black draconian
  1576 | D        | Noticed an Orb Guardian
  1576 | D        | Noticed a black draconian
  1578 | D        | Found a transporter.
  1583 | D        | Killed a black draconian
  1583 | D        | Killed a black draconian
  1583 | D        | Killed a black draconian
  1583 | D        | Killed an Orb Guardian
  1584 | D        | Reached XP level 12. HP: 93/126 MP: 14/22
  1584 | D        | Killed a red draconian
  1585 | D        | Killed a white draconian
  1586 | D        | Killed a black draconian
  1587 | D        | Killed a green draconian
  1588 | D        | Reached skill level 15 in Fighting
  1588 | D        | Reached skill level 15 in Invocations
  1588 | D        | Killed a black draconian
  1590 | D        | Killed a black draconian
  1593 | D        | Killed a black draconian
  1598 | D        | Killed a white draconian
  1599 | D        | Reached XP level 13. HP: 84/135 MP: 3/24
  1892 | D        | Entered arena 15.
  1893 | D        | Noticed a frost giant
  1893 | D        | Noticed a frost giant
  1894 | D        | Found the +6 arbalest "Damnation" {damnation}
  1898 | D        | Found a transporter.
  1905 | D        | Killed a frost giant
  1906 | D        | Killed a frost giant
  2081 | D        | Got the amulet "Xihorchem" {Inacc rN+ Int-2 Stlth+}
  2086 | D        | Got the ring "Fauwirgh" {rPois rF+ rCorr}
  2101 | D        | Entered arena 16.
  2102 | D        | Noticed a reaper
  2103 | D        | Found the +8 orange crystal plate armour {Archmagi, Int+3
                  | Clar}
  2103 | D        | Found a transporter.
  2122 | D        | Killed a reaper
  2294 | D        | Entered arena 17.
  2297 | D        | Noticed a reaper
  2298 | D        | Found the +3 pair of gauntlets of War {Slay+5}
  2298 | D        | Found a transporter.
  2298 | D        | Noticed a reaper
  2298 | D        | Noticed a reaper
  2316 | D        | Killed a reaper
  2331 | D        | Killed a reaper
  2337 | D        | Killed a reaper
  2651 | D        | Entered arena 18.
  2654 | D        | Gained mutation: You do not regenerate when monsters are
                  | visible. [a neqoxec]
  2656 | D        | Found a transporter.
  2665 | D        | Gained mutation: You are dopey. (Int -2) [a neqoxec]
  2668 | D        | Reached skill level 15 in Armour
  2749 | D        | Entered arena 19.
  2753 | D        | Found a transporter.
  2762 | D        | Reached XP level 14. HP: 71/150 MP: 9/27
  3096 | D        | Entered arena 20.
  3102 | D        | Found a transporter.
  3147 | D        | Entered arena 21.
  3152 | D        | Noticed a quicksilver dragon
  3152 | D        | Noticed an iron dragon
  3152 | D        | Noticed a quicksilver dragon
  3152 | D        | Noticed an iron dragon
  3153 | D        | Noticed a quicksilver dragon
  3153 | D        | Noticed a stone giant
  3153 | D        | Noticed a quicksilver dragon
  3153 | D        | Noticed a quicksilver dragon
  3153 | D        | Noticed a quicksilver dragon
  3154 | D        | Found a transporter.
  3154 | D        | Noticed an iron dragon
  3154 | D        | Noticed an iron dragon
  3154 | D        | Noticed an iron dragon
  3155 | D        | Found the +8 arc blade {discharge, rElec}
  3163 | D        | Killed a quicksilver dragon
  3164 | D        | Killed a quicksilver dragon
  3165 | D        | Reached skill level 15 in Shields
  3166 | D        | Killed a quicksilver dragon
  3178 | D        | Killed an iron dragon
  3184 | D        | Killed a quicksilver dragon
  3189 | D        | HP: 5/154 [crystal guardian/crystal bolt (34)]
  3194 | D        | Killed an iron dragon
  3198 | D        | Killed from afar by a crystal guardian

Illustrated notes

Levels and vault maps discovered:
D:        sprint_v [room_start, room_1, room_2, room_3, room_4, room_5, room_6,
          room_7, room_8, room_9, room_10, room_11, room_12, room_13, room_14,
          room_15, room_16, room_17, room_18, room_19, room_20, room_21,
          room_22, room_23, room_24, room_25, room_26, room_27]

Skill      XL: |  1  2  3  4  5  6  7  8  9 10 11 12 13 14 |
---------------+-------------------------------------------+-----
Shields        | 6 7 8 9 11 12 14 15 | 15.7
Axes           | 3 4 5 8 9 10 14 15 16 17 | 17.9
Armour         | 3 4 5 6 9 12 13 15 16 | 16.6
Fighting       | 4 6 7 10 11 14 15 17 19 | 19.1
Invocations    | 2 4 9 10 14 15 18 19 | 19.7

Action                   |  1- 3 |  4- 6 |  7- 9 | 10-12 | 13-15 || total
-------------------------+-------+-------+-------+-------+-------++-------
Melee: Broad axe         |     6 |     1 |       |       |       ||     7
       Tailslap          |     1 |     3 |     4 |    15 |    23 ||    46
       Hand axe          |       |     8 |    34 |    71 |   134 ||   247
Invok: Line Pass         |       |       |     1 |     3 |     5 ||     9
       Stomp             |       |       |     1 |       |     3 ||     4
       Grand Finale      |       |       |       |     3 |     4 ||     7
 Abil: Rolling Charge    |     3 |     2 |     2 |    17 |    10 ||    34
  Use: Potion            |     1 |       |     2 |     2 |    14 ||    19
       Scroll            |       |     1 |       |       |       ||     1
 Stab: Paralysed         |       |     2 |     8 |    37 |    81 ||   128
       Confused          |       |       |       |     2 |     1 ||     3
Armor: Plate armour      |       |     7 |     6 |    24 |   104 ||   141
Dodge: Dodged            |       |       |       |     4 |     4 ||     8
Block: Kite shield       |     5 |    19 |    42 |    81 |   249 ||   396

Table legend: (Time is in decaauts)
 A = Elapsed time spent in this place.
 B = Non-inter-level travel time spent in this place.
 C = Inter-level travel time spent in this place.
 D = Time resting spent in this place.
 E = Time spent auto-exploring this place.
 F = Levels seen in this place.
 G = Mean time per level.
                   A        B        C        D        E       F      G
               +--------+--------+--------+--------+--------+-----+--------+
         Total |   3108 |   3099 |      9 |   2227 |     96 |   1 | 3108.0 |
       Dungeon |   3108 |   3099 |      9 |   2227 |     96 |   1 | 3108.0 |
               +--------+--------+--------+--------+--------+-----+--------+

Top non-repeatable levels by time:
       D: 3108 daAuts
